Map: 이어 제로 - 래더

Players

Solar - Winner!

  • Race: Zerg Zerg
  • Spawn Location: 1:00

gumiho

  • Race: Terran Terran
  • Spawn Location: 11:00

Event: IEM Season 13: Katowice (2019)

VOD

Have the link to the VOD?

Description

Time

  • Played on: March 1, 2019, 7:06 a.m.
  • Length: 14:39

All games in this series

Show
View Real Time Build Order
Export as new Build Order

Solar Zerg - Winner!

Build Orders: Hatch First, Roach Hydra 

Get SALT Encoding   

  12  0:01  Drone  
  13  0:12  Overlord  
  13  0:17  Drone  
  14  0:31  Drone x2  
  16  0:48  Hatchery  
  15  0:52  Drone  
  15  0:56  Drone  
  17  0:58  Drone  
  18  1:10  Extractor  
  17  1:14  Spawning Pool  
  17  1:17  Drone  
  17  1:21  Drone  
  18  1:29  Drone  
  19  1:40  Drone  
  20  1:51  Overlord  
  20  2:01  Queen x2, Zergling x2  
  20  2:02  Zergling x2  
  26  2:11  Drone x2  
  28  2:26  Hatchery  
  28  2:29  Drone  
  28  2:33  Metabolic Boost  
  28  2:36  Drone  
  29  2:44  Queen  
  29  2:47  Drone  
  32  2:52  Overlord  
  32  2:55  Drone  
  32  2:57  Drone  
  34  3:01  Drone  
  34  3:02  Drone  
  36  3:10  Drone  
  36  3:11  Drone x2  
  36  3:12  Drone  
  40  3:20  Queen  
  40  3:23  Overlord  
  40  3:24  Drone  
  40  3:26  Drone  
  44  3:35  Roach Warren  
  44  3:37  Drone  
  44  3:39  Drone  
  44  3:40  Drone x2  
  44  3:41  Drone  
  48  3:45  Extractor x2  
  48  3:47  Drone x2  
  48  3:51  Zergling x2  
  48  3:52  Drone  
  48  3:54  Overlord  
  50  3:56  Drone  
  50  3:59  Drone  
  50  4:01  Overlord  
  52  4:03  Drone  
  52  4:06  Overlord  
  53  4:16  Roach  
  53  4:17  Roach x3  
  61  4:18  Roach  
  61  4:20  Drone  
  64  4:24  Overlord  
  64  4:28  Lair  
  64  4:32  Drone  
  64  4:33  Drone x2  
  64  4:39  Drone  
  64  4:40  Drone x2  
  64  4:42  Drone x2  
  64  4:43  Drone  
  69  4:48  Zergling x6  
  69  4:51  Overlord  
  69  4:52  Drone  
  73  4:55  Roach  
  73  4:57  Roach  
  77  5:01  Extractor, Drone x2  
  77  5:03  Roach  
  80  5:08  Spore Crawler, Drone  
  80  5:10  Queen  
  82  5:19  Overlord  
  82  5:21  Drone x3  
  84  5:23  Drone x3  
  84  5:27  Overseer  
  87  5:30  Glial Reconstitution  
  87  5:32  Spire, Extractor  
  87  5:34  Drone x3  
  88  5:37  Overlord  
  84  5:43  Drone x4  
  84  5:44  Drone  
  84  5:46  Drone  
  84  5:49  Drone x2  
  92  5:51  Roach  
  92  5:53  Roach  
  92  5:56  Drone x2  
  98  5:58  Extractor, Drone  
  98  6:01  Drone  
  98  6:02  Overlord  
  98  6:04  Overlord  
  99  6:08  Drone, Infestation Pit  
  99  6:13  Evolution Chamber x2, Drone x2  
  99  6:15  Hydralisk Den  
  99  6:16  Overlord  
  99  6:20  Overseer  
  99  6:23  Roach x3  
  99  6:25  Drone x2  
  107  6:27  Overlord  
  107  6:29  Spore Crawler  
  107  6:31  Overlord  
  106  6:33  Roach  
  106  6:36  Roach  
  106  6:38  Roach  
  114  6:40  Roach  
  114  6:42  Roach  
  114  6:45  Roach  
  116  6:48  Roach x2  
  118  7:03  Hive  
  118  7:06  Hydralisk x5  
  128  7:19  Hydralisk x3  
  133  7:24  Hydralisk x2  
  133  7:27  Hydralisk  
  137  7:31  Hatchery  
  137  7:32  Overlord  
  137  7:33  Overlord  
  137  7:35  Zerg Missile Weapons Level 1  
  130  7:37  Zerg Ground Armor Level 1  
  130  7:38  Overlord  
  130  7:41  Overlord  
  118  7:47  Hydralisk x3  
  118  7:50  Hydralisk  
  114  7:52  Roach  
  114  7:58  Drone x2  
  114  7:59  Hydralisk x2  
  114  8:03  Roach x3  
  124  8:06  Muscular Augments  
  124  8:10  Roach  
  126  8:12  Drone  
  126  8:13  Drone x2  
  126  8:14  Roach  
  126  8:19  Overlord  
  130  8:21  Extractor  
  130  8:23  Viper, Extractor  
  130  8:24  Overlord  
  131  8:27  Overlord  
  130  8:34  Drone  
  130  8:41  Drone x3  
  134  8:42  Viper  
  134  8:45  Hydralisk x2  
  134  8:46  Hydralisk  
  134  8:48  Roach  
  145  8:53  Roach x3  
  155  8:55  Roach x2  
  155  8:59  Roach  
  155  9:02  Roach x2  
  161  9:06  Roach x2  
  165  9:10  Viper  
  165  9:12  Hydralisk  
  165  9:14  Drone x2  
  165  9:15  Drone  
  171  9:17  Grooved Spines  
  171  9:18  Hydralisk x2  
  171  9:23  Hydralisk x2  
  179  9:25  Roach  
  179  9:26  Roach  
  179  9:28  Roach  
  179  9:29  Roach  
  183  9:32  Roach  
  183  9:35  Zerg Missile Weapons Level 2  
  183  9:37  Roach  
  183  9:39  Roach  
  183  9:40  Roach  
  183  9:42  Roach  
  183  9:43  Roach  
  187  9:46  Roach  
  187  9:49  Roach x2  
  187  9:52  Hydralisk x2  
  193  9:56  Roach  
  193  9:57  Drone  
  200  10:12  Drone  
  199  10:15  Drone  
  200  10:30  Hydralisk  
  200  10:31  Hydralisk x5  
  200  10:35  Roach  
  190  10:36  Roach x5  
  184  10:45  Hydralisk x9  
  184  10:49  Roach x2  
  186  10:56  Hydralisk x3  
  172  10:59  Roach x3  
  172  11:03  Overlord  
  172  11:07  Overseer  
  172  11:11  Hydralisk x2  
  166  11:13  Hydralisk x2  
  174  11:19  Hydralisk x2  
  174  11:21  Overlord  
  174  11:22  Roach  
  180  11:26  Hydralisk x2  
  178  11:34  Hydralisk x7  
  178  11:36  Roach  
  194  11:43  Overseer  
  194  11:44  Pneumatized Carapace  
  194  11:45  Nydus Network  
  194  11:46  Roach x2  
  193  11:52  Roach x3  
  187  11:54  Roach x2  
  187  11:56  Roach  
  187  11:58  Roach  
  187  11:59  Roach  
  187  12:00  Roach  
  195  12:04  Roach x2  
  199  12:14  Ravager  
  200  12:19  Hatchery  
  198  12:29  Spine Crawler  
  197  12:31  Hydralisk  
  197  12:33  Overseer, Drone  
  200  12:37  Nydus Canal  
  200  12:44  Spine Crawler  
  197  12:53  Hatchery  
  194  13:01  Hydralisk  
  194  13:02  Hydralisk x7  
  194  13:04  Roach x4  
  190  13:14  Roach x3  
  190  13:16  Hydralisk  
  190  13:17  Hydralisk x2  
  190  13:19  Roach  
  200  13:20  Overlord  
  200  13:22  Overlord  
  200  13:26  Nydus Canal  
  192  13:32  Overlord  
  192  13:33  Roach x3  
  184  13:35  Hydralisk  
  184  13:36  Hydralisk  
  184  13:38  Hydralisk  
  184  13:40  Roach  
  172  13:45  Roach x2  
  172  13:46  Roach  
  172  13:47  Roach  
  178  13:50  Hydralisk  
  178  13:55  Roach x2  
  178  13:57  Nydus Canal  
  178  13:58  Roach  
  178  14:00  Roach  
  178  14:01  Roach  
  182  14:02  Roach  
  182  14:05  Roach, Ravager  
  182  14:07  Roach  
  182  14:08  Hydralisk  
  189  14:13  Hydralisk  
  191  14:19  Nydus Canal  
Show
View Real Time Build Order
Export as new Build Order

gumiho Terran 

Build Orders: 2 Factory, Command Center First (CC) 

Get SALT Encoding   

  12  0:00  SCV  
  13  0:12  SCV  
  14  0:18  Supply Depot  
  14  0:24  SCV  
  15  0:40  SCV  
  16  0:52  SCV  
  17  1:02  Command Center  
  17  1:04  SCV  
  18  1:13  Barracks  
  18  1:17  SCV  
  19  1:23  Refinery  
  19  1:29  SCV  
  19  1:30  Refinery  
  20  1:41  SCV  
  21  1:53  SCV  
  22  2:00  Reaper  
  23  2:05  Orbital Command  
  23  2:13  Orbital Command  
  23  2:19  Factory  
  23  2:30  SCV  
  23  2:33  Barracks Reactor  
  24  2:39  SCV  
  24  2:42  SCV  
  26  2:46  Factory  
  26  2:52  SCV  
  26  2:54  SCV  
  28  3:04  Supply Depot  
  28  3:07  SCV  
  28  3:11  Starport  
  28  3:12  SCV  
  30  3:13  Hellion x2  
  30  3:17  Barracks Tech Lab, Supply Depot  
  30  3:19  SCV  
  35  3:24  SCV  
  36  3:33  SCV  
  37  3:34  Hellion  
  37  3:35  Hellion  
  37  3:36  SCV  
  42  3:42  Supply Depot  
  42  3:45  SCV, Cyclone  
  42  3:48  SCV  
  47  3:51  Viking  
  47  3:54  Barracks Tech Lab  
  49  3:59  SCV  
  50  4:03  Hellion x2  
  50  4:06  Supply Depot  
  50  4:07  SCV  
  55  4:11  SCV  
  56  4:19  SCV  
  56  4:20  Cyclone  
  56  4:23  SCV  
  61  4:29  Hellion x2  
  65  4:31  SCV  
  65  4:35  SCV  
  67  4:43  Command Center, SCV  
  67  4:47  SCV  
  67  4:48  Armory  
  67  4:50  Refinery  
  67  4:51  Refinery  
  68  4:55  Factory  
  68  5:02  Supply Depot x2  
  68  5:05  SCV x2  
  73  5:09  Hellion  
  73  5:10  Hellion  
  73  5:11  Banshee  
  77  5:17  SCV  
  78  5:23  SCV  
  78  5:27  Cyclone  
  82  5:28  Mag-Field Accelerator  
  82  5:29  SCV  
  82  5:30  Supply Depot  
  83  5:35  SCV  
  83  5:38  Hellion x2  
  83  5:41  SCV  
  89  5:45  Factory Tech Lab  
  89  5:47  Terran Vehicle And Ship Armor Level 1  
  89  5:48  SCV  
  90  5:53  SCV  
  91  5:59  Orbital Command  
  91  6:00  SCV  
  91  6:02  Engineering Bay  
  95  6:06  Cyclone x2  
  95  6:09  SCV  
  99  6:13  SCV  
  99  6:16  Refinery  
  99  6:17  Refinery  
  100  6:19  Supply Depot x2  
  100  6:21  SCV  
  100  6:24  SCV  
  100  6:25  SCV  
  103  6:28  Missile Turret  
  103  6:31  Missile Turret  
  103  6:35  Hellion x3  
  103  6:37  SCV x2  
  103  6:38  Missile Turret  
  105  6:44  Cyclone x2  
  105  6:50  SCV x2  
  105  6:52  Banshee, Hellion x2  
  108  6:56  SCV  
  99  7:02  SCV x2  
  99  7:04  Factory  
  99  7:07  Factory  
  101  7:09  Infernal Pre-Igniter  
  101  7:12  SCV  
  101  7:14  SCV  
  103  7:16  Supply Depot, Hellion x2  
  104  7:24  Cyclone x2  
  105  7:37  Hellion  
  105  7:38  Hellion  
  96  7:44  SCV x2  
  96  7:49  SCV  
  96  7:56  SCV x2, Cyclone  
  96  7:57  Hellion  
  103  7:59  Hellion  
  103  8:01  Factory Tech Lab  
  103  8:02  SCV  
  106  8:07  Starport Reactor  
  106  8:08  SCV x2  
  106  8:10  Hellion  
  110  8:14  SCV  
  110  8:18  Hellion  
  110  8:19  Cyclone  
  116  8:20  SCV x2  
  116  8:21  Terran Vehicle And Ship Armor Level 2  
  116  8:22  Supply Depot  
  116  8:23  Supply Depot  
  116  8:26  Cyclone, SCV  
  122  8:28  Hellion  
  122  8:29  Command Center  
  122  8:33  Cyclone, SCV x2  
  129  8:37  Factory  
  129  8:40  Factory  
  129  8:41  Armory  
  129  8:42  SCV  
  129  8:45  SCV x2  
  129  8:46  Medivac  
  129  8:47  Medivac  
  136  8:53  Supply Depot  
  136  8:54  SCV  
  136  8:55  Supply Depot x2  
  137  8:57  SCV  
  137  8:58  Cyclone  
  141  9:03  Cyclone  
  141  9:04  Cyclone  
  141  9:07  Cyclone  
  150  9:21  Medivac x2, Hellion x2  
  158  9:33  Cyclone  
  158  9:35  Cyclone  
  158  9:37  Hellion  
  166  9:39  Hellion  
  166  9:43  Factory Reactor  
  166  9:45  Factory Tech Lab  
  168  9:46  Planetary Fortress  
  168  9:48  Hellion x2  
  172  9:57  Medivac x2, Supply Depot  
  172  9:58  Cyclone  
  179  10:04  Hellion x2  
  181  10:07  Terran Vehicle Weapons Level 1  
  181  10:12  Cyclone x2  
  181  10:13  Hellion  
  181  10:14  Hellion  
  185  10:25  Hellion  
  185  10:26  Hellion  
  186  10:30  Cyclone  
  186  10:34  Hellion x2  
  193  10:36  Medivac, Hellion x2  
  185  10:44  Cyclone  
  185  10:45  Cyclone  
  185  10:47  Cyclone x2  
  185  10:55  Hellion x2  
  185  10:58  Hellion x2  
  185  11:00  Medivac  
  185  11:02  Cyclone  
  192  11:14  Terran Vehicle And Ship Armor Level 3  
  192  11:16  Cyclone, Hellion  
  192  11:17  Hellion  
  193  11:27  Cyclone  
  193  11:30  Hellion x2  
  193  11:31  Cyclone, Hellion  
  195  11:34  Command Center, Hellion  
  195  11:36  Command Center  
  195  11:38  Hellion  
  193  11:50  Cyclone, Hellion  
  193  11:52  Hellion  
  186  11:55  Cyclone, Hellion  
  186  11:56  Hellion  
  186  11:59  Hellion x2  
  191  12:02  Terran Vehicle Weapons Level 2  
  191  12:03  Hellion  
  193  12:12  Hellion  
  193  12:13  Hellion  
  197  12:17  Hellion  
  197  12:20  Refinery x2  
  199  12:32  Command Center  
  197  12:42  Cyclone  
  191  12:54  Widow Mine  
  191  12:57  Cyclone  
  183  13:03  Cyclone x2  
  183  13:05  Orbital Command x2  
  179  13:07  Sensor Tower  
  179  13:08  Hellion x3  
  179  13:09  Cyclone  
  170  13:15  Hellion x2  
  150  13:29  Cyclone, Hellion x3  
  128  13:35  Hellion  
  128  13:36  Hellion x2  
  128  13:37  Hellion  
  107  13:41  Cyclone  
  103  13:51  Hellion x3  
  103  13:52  Medivac  
  108  13:56  Cyclone  
  108  13:57  Cyclone x2  
  108  14:01  Cyclone  
  111  14:10  Hellion  
  111  14:12  Hellion x2  
  111  14:16  Hellion  

Tags
 
Add a new tag
Caveats
  • Supply blocks, unpowered buildings, or Contaminate may cause inaccurate times.
  • Supply counts are checked every 10 seconds.